 Dungeon Crawl Stone Soup version 0.20.1-1-g8b1a95d (webtiles) character file.

663 equalderp2856 the Thaumaturge (level 7, 0/28 HPs)
             Began as a Felid Wizard on Sept 29, 2017.
             Slain by a centaur (9 damage)
             ... on level 7 of the Dungeon on Sept 30, 2017.
             The game lasted 00:43:37 (14623 turns).

equalderp2856 the Thaumaturge (Felid Wizard)       Turns: 14623, Time: 00:43:38

Health: 0/28       AC:  2    Str:  3    XL:     7   Next: 31%
Magic:  20/20      EV: 19    Int: 23    God:
Gold:   279        SH:  0    Dex: 14    Spells: 11/24 levels left
                                        Lives:  0   Deaths: 2

rFire    . . .     SeeInvis +     - Unarmed
rCold    + . .     Gourm    .   (shield unavailable)
rNeg     . . .     Faith    .   (armour unavailable)
rPois    .         Spirit   .   (helmet unavailable)
rElec    .         Reflect  .   (cloak unavailable)
rCorr    .         Harm     .   (gloves unavailable)
MR       +....                  (boots unavailable)
Stlth    +++.......             (no amulet)
Regen    0.1/turn               p - ring of protection from cold
MPRegen  0.2/turn               (no ring)

@: quick
A: no armour, no weapons or thrown items, stealth, claws 1, fangs 3, see
invisible, carnivore 3, speed 1, shaggy fur 2, slow metabolism 1, sharp paws
a: no special abilities


You were on level 7 of the Dungeon.
You were not hungry.

You visited 1 branch of the dungeon, and saw 8 of its levels.

You collected 279 gold pieces.

Inventory:

Jewellery
 e - an uncursed ring of teleportation
 k - an uncursed amulet of the gourmand
 p - a ring of protection from cold (left paw)
 q - a cursed amulet of inaccuracy {unknown}
Wands
 m - a wand of flame (23/48)
 s - a wand of flame (24/48)
Scrolls
 f - 6 scrolls of identify
 g - 2 scrolls of remove curse
 j - a scroll of brand weapon {unknown}
 n - a scroll of teleportation
Potions
 c - a potion of agility
 h - 2 potions of might
 i - a potion of mutation {unknown}
 l - a potion of haste {unknown}
 o - a potion of curing
Books
 a - a book of Minor Magic

   Spells                             Type                      Level
   a - Magic Dart                     Conjuration                  1
   b - Blink                          Translocation                2
   c - Call Imp                       Summoning                    2
   d - Slow                           Hexes                        2
   e - Conjure Flame                  Conjuration/Fire             3
   f - Mephitic Cloud                 Conjuration/Poison/Air       3
 d - a book of Callings

   Spells                             Type                      Level
   a - Summon Small Mammal            Summoning                    1
   b - Call Imp                       Summoning                    2
   c - Call Canine Familiar           Summoning                    3
   d - Summon Guardian Golem          Hexes/Summoning              3
   e - Summon Lightning Spire         Summoning/Air                4
   f - Summon Ice Beast               Ice/Summoning                4
Comestibles
 b - 2 meat rations
 r - 2 royal jellies


   Skills:
 + Level 1.1 Fighting
 + Level 4.5 Dodging
 + Level 4.4 Stealth
 + Level 1.6 Unarmed Combat
 + Level 9.3 Spellcasting
 + Level 5.7 Conjurations
 - Level 1.0 Summonings
 + Level 4.4 Translocations


You had 11 spell levels left.
You knew the following spells:

 Your Spells              Type           Power        Failure   Level  Hunger
a - Magic Dart            Conj           ####         1%          1    None
b - Blink                 Tloc           N/A          1%          2    None
c - Call Canine Familiar  Summ           ###.....     12%         3    None
d - Slow                  Hex            ##......     9%          2    None
e - Call Imp              Summ           ###.....     6%          2    None
f - Conjure Flame         Conj/Fire      ###.....     5%          3    None


Dungeon Overview and Level Annotations

Branches:
Dungeon (8/15)             Temple (0/1) D:4
   Lair: D:8-11

Altars:
Dithmenos
Okawaru
Qazlal
Zin

Annotations:
D:5 Grinder


Innate Abilities, Weirdness & Mutations

You cannot wear armour.
You are incapable of wielding weapons or throwing items.
Your paws allow you to move quietly. (Stealth)
You have sharp claws.
You have razor-sharp teeth.
You have supernaturally acute eyesight. (SInv)
You are carnivorous and can eat meat at any time.
You cover ground quickly.
You are covered in thick fur. (AC +2)
You have a slow metabolism.
Your sharp claws are effective at attacking unaware monsters.


Message History

Things that are here:
an arrow; the felid skeleton of equalderp2856 Partly explored, can't reach some items and places.
Partly explored, can't reach some items and places.
Partly explored, can't reach some items and places.
Partly explored, can't reach some items and places.
There is an open gate here.
The centaur shouts!
The centaur wields an uncursed shortbow.
The centaur shoots an arrow.
The arrow hits you!
You see here an arrow.
The centaur unwields an uncursed shortbow.
The centaur barely misses you.
You scratch the centaur.
The centaur is lightly wounded.
The centaur hits you! The centaur hits you.
You scratch the centaur but do no damage.
The centaur is lightly wounded.
The centaur hits you!
You die...

..)###..# ###≈≈.§...≈≈##.##
...(..### ##≈≈....§..§§###
#........##≈≈.........§§##
###...####§§.........§§§≈##
#######≈§§§....§...§§§≈≈##
#≈≈......)....§§..≈≈#
#≈.................≈#
#≈.........(.......≈#
#≈§...≈.c@≈...≈....≈#
#≈...[.............≈#
#≈§§...............≈#
#≈≈...............≈≈#
##≈≈......≈.....§§§##
##§§§..........≈§##
##§§.........≈§##
##§§.......§≈##
##≈≈§....≈§##


You could see a centaur.

Vanquished Creatures
  The ghost of Frank the Ducker, a novice OpFi (D:4)
  2 hippogriffs (D:7)
  A water moccasin (D:5)
  An orc warrior (D:5)
  An ogre (D:4)
  The ghost of Frank the Shield-Bearer, an amateur OpFi (D:3)
  A gnoll sergeant (D:6)
  4 wights
  A howler monkey (D:7)
  2 crimson imps
  A bullfrog zombie (D:5)
  A quasit (D:7)
  A hound (D:7)
  A bullfrog skeleton (D:4)
  2 centaur skeletons
  Jessica (D:3)
  3 iguanas
  3 orc wizards
  A worker ant (D:5)
  A killer bee zombie (D:6)
  A hound skeleton (D:7)
  7 adders
  7 gnolls
  A shadow imp (D:5)
  An ooze (D:4)
  2 worms
  2 dart slugs (D:1)
  3 leopard geckos
  13 orcs
  12 bats
  5 giant cockroaches
  7 goblins
  6 hobgoblins
  7 jackals
  3 quokkas
  4 frilled lizards
  A jackal skeleton (D:4)
  7 kobolds
  2 quokka skeletons
  10 rats
131 creatures vanquished.

Vanquished Creatures (collateral kills)
  The ghost of Frank the Sneak, a novice OpFi of Dithmenos (D:6)
  Edmund (D:6)
  2 ogres
  2 centaurs
  A scorpion (D:6)
  A quasit (D:7)
  2 hounds (D:6)
  A bullfrog skeleton (D:7)
  An orc priest (D:6)
  An iguana (D:5)
  2 orc wizards (D:1)
  3 worker ants
  3 gnolls (D:6)
  A shadow imp (D:6)
  A worm (D:4)
  6 orcs
29 creatures vanquished.

Grand Total: 160 creatures vanquished

Notes
Turn   | Place    | Note
-------+----------+-------------------------------------------
     0 | D:1      | equalderp2856 the Felid Wizard began the quest for the Orb.
     0 | D:1      | Reached XP level 1. HP: 7/7 MP: 5/5
   293 | D:1      | Reached XP level 2. HP: 11/11 MP: 0/7
   604 | D:1      | Reached skill level 1 in Conjurations
  1534 | D:2      | Reached XP level 3. HP: 13/14 MP: 6/9
  2181 | D:2      | Learned a level 2 spell: Blink
  2479 | D:3      | Noticed Frank's ghost (amateur OpFi)
  2625 | D:2      | Reached skill level 4 in Spellcasting
  2625 | D:2      | Reached XP level 4. HP: 7/18 MP: 7/11
  3796 | D:3      | Found a stormy altar of Qazlal.
  4050 | D:3      | Noticed Jessica
  4064 | D:3      | Killed Jessica
  4466 | D:3      | Killed Frank's ghost
  4466 | D:3      | Reached skill level 1 in Unarmed Combat
  4466 | D:3      | Reached XP level 5. HP: 21/21 MP: 3/12
  5324 | D:4      | Noticed Frank's ghost (novice OpFi)
  5532 | D:4      | Killed Frank's ghost
  5532 | D:4      | Reached skill level 5 in Spellcasting
  5532 | D:4      | Gained mutation: You are covered in thick fur. (AC +2) [Felid growth]
  5532 | D:4      | Reached XP level 6. HP: 25/25 MP: 4/15
  5532 | D:4      | Reached XP level 7. HP: 28/28 MP: 4/16
  5736 | D:4      | Found a staircase to the Ecumenical Temple.
  5840 | D:4      | Learned a level 3 spell: Call Canine Familiar
  6397 | D:4      | Found an iron altar of Okawaru.
  6456 | D:2      | Learned a level 2 spell: Slow
  6459 | D:2      | Learned a level 2 spell: Call Imp
  6782 | D:1      | Reached skill level 6 in Spellcasting
  7018 | D:5      | Entered Level 5 of the Dungeon
  7418 | D:5      | Noticed Grinder
  7634 | D:6      | Noticed Frank's ghost (novice OpFi)
  7714 | D:6      | Killed Frank's ghost
  7948 | D:6      | Reached skill level 7 in Spellcasting
  7948 | D:6      | Reached XP level 8. HP: 31/31 MP: 11/19
  8250 | D:6      | Learned a level 3 spell: Conjure Flame
  9027 | D:5      | You fall through a shaft for 3 floors!
  9027 | D:8      | Noticed a queen ant
  9083 | D:7      | Noticed a hippogriff
  9095 | D:7      | Noticed a hippogriff
  9135 | D:7      | Noticed a hippogriff
  9163 | D:7      | Killed a hippogriff
  9906 | D:5      | Reached skill level 8 in Spellcasting
 10437 | D:6      | Reached skill level 1 in Fighting
 10602 | D:6      | Noticed Edmund
 10644 | D:6      | Killed Edmund
 11991 | D:6      | Reached skill level 5 in Conjurations
 12583 | D:5      | Reached XP level 9. HP: 35/35 MP: 1/22
 13280 | D:6      | Found a glowing silver altar of Zin.
 13423 | D:7      | Found a shadowy altar of Dithmenos.
 13486 | D:7      | Reached skill level 9 in Spellcasting
 14367 | D:7      | Shot with an arrow by a centaur
 14368 | D:7      | Reached XP level 8. HP: 0/32 MP: 0/22
 14594 | D:7      | Killed from afar by a steam dragon
 14595 | D:7      | Reached XP level 7. HP: 0/28 MP: 20/20
 14623 | D:7      | Slain by a centaur

Skill      XL: |  1  2  3  4  5  6  7  8  9 |
---------------+----------------------------+-----
Dodging        | 3 4 |  4.5
Conjurations   | 1 2 3 4 5 |  5.7
Stealth        | 3 4 |  4.4
Spellcasting   | 4 5 7 8 9 |  9.3
Unarmed Combat | 1 |  1.6
Translocations | 3 4 |  4.4
Fighting       | 1 |  1.1
Summonings     | |  1.0

Action                   |  1- 3 |  4- 6 |  7- 9 || total
-------------------------+-------+-------+-------++-------
Melee: Unarmed           |    17 |    27 |    20 ||    64
       Bite              |       |     6 |     1 ||     7
 Cast: Magic Dart        |    96 |   157 |   314 ||   567
       Blink             |       |     2 |    23 ||    25
       Call Canine Famil |       |       |    50 ||    50
       Call Imp          |       |       |    64 ||    64
       Conjure Flame     |       |       |    29 ||    29
  Use: Scroll            |     5 |     4 |     2 ||    11
       Potion            |       |     3 |       ||     3
 Stab: Sleeping          |     3 |       |       ||     3
  Eat: Chunk             |     9 |     5 |    13 ||    27
Armor: Skin              |     5 |     1 |     5 ||    11
Dodge: Dodged            |    33 |    58 |   110 ||   201
